 Dungeon Crawl Stone Soup version 0.31-a0-232-gb1c03b2570 (webtiles) character file.

Game seed: 8851861510221600476

441 qw the Shooter (level 6, -11/52 HPs)
             Began as a Minotaur Hexslinger on July 7, 2023.
             Shot with an arrow by a centaur (19 damage)
             ... on level 5 of the Dungeon.
             The game lasted 00:01:11 (3092 turns).

qw the Shooter (Minotaur Hexslinger)                Turns: 3092, Time: 00:01:12

Health: -11/52     AC:  9    Str: 12    XL:     6   Next: 70%
Magic:  6/6        EV: 11    Int: 10    God:
Gold:   235        SH:  0    Dex: 18    Spells: 6/7 levels left

rFire   . . .        Y - +1 sling
rCold   . . .        (no shield)
rNeg    . . .        l - +0 ring mail
rPois   .            (helmet restricted)
rElec   .            h - +2 cloak
rCorr   .            a - +0 pair of fencer's gloves {Riposte Dex+3}
SInv    .            (no boots)
Will    .....        b - amulet of regeneration
Stlth   +            (no ring)
HPRegen 1.08/turn    (no ring)
MPRegen 0.10/turn

%: no passive effects
@: no status effects
A: horns 2, retaliatory headbutt
a: no special abilities


You were on level 5 of the Dungeon.
You visited 1 branch of the dungeon, and saw 5 of its levels.

You collected 235 gold pieces.


Innate Abilities, Weirdness & Mutations

You have a pair of horns on your head.
You reflexively headbutt those who attack you in melee.


   Skills:
 - Level 4.0 Fighting
 - Level 7.0 Ranged Weapons
 + Level 1.0 Armour
 - Level 2.1 Dodging
 - Level 1.0 Spellcasting
 - Level 2.0 Hexes


You had 6 spell levels left.
You knew the following spells:

 Your Spells              Type           Power      Damage    Failure   Level
a - Slow                  Hex            16%        N/A       34%         1

Your spell library contained the following spells:

 Spells                   Type           Power      Damage    Failure   Level
 Inner Flame              Hex/Fire       2%         N/A       83%         3
 Portal Projectile        Hex/Tloc       4%         N/A       83%         3
 Cause Fear               Hex            2%         N/A       98%         4

Inventory:

Hand Weapons
 Y - a +1 sling (weapon)
Armour
 a - the +0 pair of fencer's gloves (worn) {Riposte Dex+3}
   (You acquired it on level 1 of the Dungeon)

   Riposte:   It allows the wearer to riposte with melee weapons, swiftly
   retaliating against missed or blocked melee attacks.
   Dex:       It affects your dexterity (+3).
 e - a +2 robe of positive energy
 h - a +2 cloak (worn)
 l - a +0 ring mail (worn)
Jewellery
 b - an amulet of regeneration (around neck)
Scrolls
 g - 2 scrolls of identify
Potions
 c - a potion of enlightenment {unknown}
 d - a potion of berserk rage {unknown}
 f - a potion of magic {unknown}
 i - a potion of curing {unknown}
 j - a potion of cancellation {unknown}
 m - a potion of heal wounds {unknown}
 o - a potion of might

Dungeon Overview and Level Annotations

Branches:
Dungeon (5/15)
 Temple: D:4-7

Altars:
Elyvilon
Kikubaaqudgha
Makhleb
Ru

Annotations:
D:2 1 runed translucent door, Crazy Yiuf
D:5 Prince Ribbit


Message History

Prince Ribbit closely misses you. The ice beast closely misses you.
You furiously retaliate!
You headbutt the ice beast. You shoot a sling bullet.
The sling bullet closely misses Prince Ribbit.
Prince Ribbit blinks!
The ice beast hits you. The ice beast freezes you.
Prince Ribbit croaks regally.
You shoot a sling bullet.
The sling bullet barely misses the ice beast.
Your surroundings suddenly seem different.
You start resting.
You hear the slow rusting of a very distant drain.
HP restored.
You hear the rusting of a very distant drain.
A centaur and a shadow imp come into view.
Found a robe.
The centaur shouts!
The centaur wields a +0 shortbow of electrocution.
You hear the crackle of electricity.
The centaur shoots an arrow.
The arrow hits you!
You shoot a sling bullet. The sling bullet hits the centaur.
The centaur is lightly wounded.
The centaur shoots an arrow.
The arrow hits you but does no damage.
You are electrocuted!
You shoot a sling bullet. The sling bullet hits the centaur.
The centaur is moderately wounded.
The centaur shoots an arrow.
The arrow barely misses you.
The centaur shoots an arrow.
The arrow closely misses you.
You shoot a sling bullet.
The sling bullet barely misses the centaur.
The centaur shoots an arrow.
The arrow barely misses you.
The centaur shoots an arrow.
The arrow hits you.
You shoot a sling bullet.
The sling bullet hits the shadow imp but does no damage.
The centaur shoots an arrow.
The arrow hits you!
You are electrocuted!
A quokka comes into view.
You shoot a sling bullet.
The sling bullet closely misses the shadow imp.
The quokka barely misses you.
The centaur shoots an arrow.
The arrow hits you.
You are electrocuted!!
You die...

... ..........#
### ..........#
..........#
..........#
..........#
..........#####
..[..c.5r......
#@# #.# #.# #.#
#.# #.# #.# #.#
#.#


You could see a centaur, a shadow imp and a quokka.

Vanquished Creatures
  A phantom (D:4)
  Blork the orc (D:5)
  A hound (D:4)
  A jelly (D:2)
  Jessica (D:3)
  2 iguanas (D:5)
  6 gnolls
  5 adders
  2 worms (D:2)
  An orc (D:3)
  11 endoplasms
  5 giant cockroaches
  3 hobgoblins (D:2)
  3 jackals (D:2)
  A quokka (D:4)
  5 ball pythons
  7 bats
  2 frilled lizards (D:1)
  3 goblins (D:1)
  2 kobolds (D:1)
  3 rats (D:3)
66 creatures vanquished.

Notes
Turn   | Place    | Note
-------+----------+-------------------------------------------
     0 | D:1      | qw the Minotaur Hexslinger began the quest for the Orb.
     0 | D:1      | Reached XP level 1. HP: 16/16 MP: 1/1
     0 | D:1      | 0 ||| qw: Version: 0.3-a-46-gb1f654a
     0 | D:1      | 0 ||| qw: Game counter: 2359
     0 | D:1      | 0 ||| qw: Melee chars always use a shield: true
     0 | D:1      | 0 ||| qw: God list: Okawaru
     0 | D:1      | 0 ||| qw: Allow faded altars: false
     0 | D:1      | 0 ||| qw: Do Orc after clearing Dungeon:15 true
     0 | D:1      | 0 ||| qw: Do second Lair branch before Depths: true
     0 | D:1      | 0 ||| qw: Lair rune preference: random
     0 | D:1      | 0 ||| qw: Goals: Normal
     0 | D:1      | 0 ||| PLANNING D:1-11
   171 | D:1      | Reached skill level 3 in Ranged Weapons
   173 | D:1      | Reached XP level 2. HP: 23/23 MP: 2/2
   605 | D:1      | 605 ||| UPGRADING to +0 cloak.
   610 | D:1      | 610 ||| UPGRADING to +0 ring mail.
   620 | D:1      | 620 ||| DROPPING +0 robe.
   621 | D:1      | 621 ||| READING scroll labelled GYLI SAZAAGA.
   622 | D:1      | 622 ||| READING scroll labelled FOSOOWKOTOA.
   622 | D:1      | Identified a scroll of acquirement
   622 | D:1      | 622 ||| ACQUIRING +0 pair of fencer's gloves {Riposte
                  | Dex+3}
   622 | D:1      | Acquired the +0 pair of fencer's gloves {Riposte Dex+3}
   622 | D:1      | Found the +0 pair of fencer's gloves {Riposte Dex+3}
   624 | D:1      | 624 ||| UPGRADING to +0 pair of fencer's gloves {Riposte
                  | Dex+3}.
   629 | D:1      | 629 ||| READING scroll labelled JANLIA GOMOB.
   630 | D:1      | 630 ||| READING scroll labelled GIBYEL YTUSASO.
   631 | D:1      | 631 ||| READING scroll labelled AWUOSO ZI FOAZ.
   635 | D:1      | 635 ||| DROPPING scroll of poison.
   713 | D:2      | Reached XP level 3. HP: 28/29 MP: 3/3
   788 | D:2      | Reached skill level 1 in Armour
   836 | D:2      | Reached skill level 4 in Ranged Weapons
  1027 | D:2      | Reached XP level 4. HP: 36/36 MP: 4/4
  1400 | D:2      | Reached skill level 5 in Ranged Weapons
  1478 | D:2      | Found a runed translucent door.
  1479 | D:2      | Noticed Crazy Yiuf
  1639 | D:2      | 1639 ||| UPGRADING to amulet of regeneration.
  1644 | D:2      | 1644 ||| DROPPING amulet of guardian spirit.
  1645 | D:2      | 1645 ||| READING scroll labelled HOIQ YFIOQOGOD.
  1646 | D:2      | 1646 ||| READING scroll labelled FEONWOW XE PIL.
  1647 | D:2      | 1647 ||| DRINKING 2 sapphire potions.
  1743 | D:3      | 1743 ||| READING scroll of enchant armour.
  1743 | D:3      | 1743 ||| ENCHANTING +0 cloak.
  1939 | D:3      | Found a faded altar of an unknown god.
  1943 | D:3      | Found a sacrificial altar of Ru.
  1968 | D:3      | Found a burning altar of Makhleb.
  1982 | D:3      | Found an ancient bone altar of Kikubaaqudgha.
  1988 | D:3      | Noticed Jessica
  1996 | D:3      | Killed Jessica
  1997 | D:3      | Reached skill level 3 in Fighting
  1997 | D:3      | Reached XP level 5. HP: 18/45 MP: 5/5
  2026 | D:3      | Found a white marble altar of Elyvilon.
  2272 | D:3      | 2272 ||| READING scroll labelled JOEZIY DEC IGI.
  2273 | D:3      | 2273 ||| READING scroll labelled XONWO XYOVOSCHYSUE.
  2436 | D:4      | 2436 ||| READING scroll of enchant armour.
  2436 | D:4      | 2436 ||| ENCHANTING +1 cloak.
  2502 | D:4      | 2502 ||| DRINKING 2 fuming inky potions.
  2506 | D:4      | 2506 ||| DROPPING potion of ambrosia.
  2516 | D:4      | 2516 ||| STAIRDANCE
  2623 | D:4      | Noticed a phantom
  2633 | D:4      | Killed a phantom
  2634 | D:4      | Reached skill level 6 in Ranged Weapons
  2634 | D:4      | Reached XP level 6. HP: 51/51 MP: 6/6
  2867 | D:4      | 2867 ||| DRINKING 2 emerald potions.
  2868 | D:4      | 2868 ||| DRINKING 2 bubbling orange potions.
  2869 | D:4      | 2869 ||| DROPPING potion of attraction.
  2870 | D:4      | 2870 ||| DROPPING potion of brilliance.
  2894 | D:5      | Entered Level 5 of the Dungeon
  2895 | D:5      | 2895 ||| PLANNING SEWER
  2920 | D:5      | Noticed Blork the orc
  2931 | D:5      | Killed Blork the orc
  2983 | D:5      | Reached skill level 7 in Ranged Weapons
  3017 | D:5      | Noticed Prince Ribbit
  3020 | D:5      | Noticed an ice beast
  3025 | D:5      | HP: 7/52 [Prince Ribbit (12)]
  3026 | D:5      | 3026 ||| READING scroll of teleportation.
  3027 | D:5      | HP: 2/52 [ice beast (6)]
  3091 | D:5      | HP: 10/52 [centaur/arrow (16)]
  3092 | D:5      | Shot with an arrow by a centaur

Levels and vault maps discovered:
D:1:      lemuel_arrival_funnel, layout_loops_ring
D:2:      layout_loops_corners, corexii_leaking_fountain, chequers_garden,
          uniq_crazy_yiuf_cottage
D:3:      layout_rooms, nicolae_overflow_ecumenical_swirl,
          mainiacjoe_overflow_boulevard, grunt_temple_overflow_open,
          uniq_jessica
D:4:      layout_cave_pools
D:5:      layout_basic, kennysheep_okawaru_gauntlet, gup_sewer_entry_bubbles,
          uniq_blork_the_orc, uniq_prince_ribbit1

Skill      XL: |  1  2  3  4  5  6 |
---------------+-------------------+-----
Ranged Weapons | 3 4 5 6 7 |  7.0
Fighting       | 2 3 4 |  4.0
Armour         | 1 |  1.0
Dodging        | |  2.1
Spellcasting   | |  1.0
Hexes          | |  2.0

Action                     |  1- 3 |  4- 6 || total
---------------------------+-------+-------++-------
   Fire: Sling             |    94 |   160 ||   254
    Use: Scroll            |     5 |     7 ||    12
         Potion            |       |     4 ||     4
 Armour: Robe              |     2 |       ||     2
         Ring mail         |     4 |    21 ||    25
  Dodge: Dodged            |    15 |    50 ||    65

Table legend:
 A = Non-vault XP
 B = Vault XP
 C = Vault XP percentage of total XP
 D = Non-vault monster count
 E = Vault monster count
 F = Vault count percentage of total count
                 A         B        C        D         E       F
            +---------+---------+-------+---------+---------+-------
      Total |     499 |     131 |  20.8 |      64 |       2 |   3.0
            +---------+---------+-------+---------+---------+-------
        D:1 |      37 |       0 |   0.0 |      22 |       0 |   0.0
        D:2 |     125 |       0 |   0.0 |      17 |       0 |   0.0
        D:3 |      67 |      37 |  35.6 |      13 |       1 |   7.1
        D:4 |     170 |       0 |   0.0 |       8 |       0 |   0.0
        D:5 |     100 |      94 |  48.5 |       4 |       1 |  20.0
            +---------+---------+-------+---------+---------+-------
